AoeStats
← Galagorth

Fortress

509418680Analyzed
4v4 RM · 6d ago on Sep 26, 2026· 53m 12s· 8 players
Game mode
Random Map
Map size
Huge
Population
200
Speed
Normal
Resources
Standard
Victory
Conquest
Starting age
Dark Age
Ending age
Imperial Age
RankedLock teamsTeams togetherTeam positionsShared explorationLock speedFull tech treeHidden civsTurbo modeCheats
Victory
Defeat
🇺🇸 Persians · United States
1070
+13
🇺🇸 Bohemians · United States
1067
+13
🇩🇴 Danes · Dominican Republic
1066
+13
🇺🇸 Celts · United States
1030
+14
🇩🇪 Romans · Germany
1016
-14
🇵🇪 Japanese · Peru
1013
-14
🇨🇱 Turks · Chile
984
-13
🇧🇷 Malians · Brazil
975
-12
[Süddelz] Paga
1:25 Loom
9:06 Feudal Age
13:39 Castle Age
11:34 Horse Collar
12:13 Double-Bit Axe
24:41 Bow Saw
25:11 Ballistics
29:03 Imperial Age
26:43 Heavy Plow
27:15 Gold Mining
27:29 Squires
26:50 Man-at-Arms
28:10 Wheelbarrow
28:04 Scale Mail Armor
28:18 Ballistas
29:22 Gold Shaft Mining
30:18 Forging
30:23 Chain Mail Armor
30:21 Heavy Scorpion
32:10 Chemistry
32:22 Hand Cart
32:47 Iron Casting
32:51 Conscription
33:33 Comitatenses
35:19 Crop Rotation
34:15 Elite Centurion
45:31 Scale Barding Armor
46:27 Blast Furnace
Avalanche
4:51 Loom
7:31 Feudal Age
8:36 Double-Bit Axe
8:33 Horse Collar
14:55 Castle Age
30:52 Imperial Age
31:15 Gold Mining
32:05 Elite Skirmisher
32:40 Fletching
33:29 Wheelbarrow
32:41 Town Watch
35:54 Padded Archer Armor
35:49 Bodkin Arrow
36:05 Forging
35:55 Scale Mail Armor
36:13 Hand Cart
36:56 Thumb Ring
38:14 Conscription
39:10 Chemistry
38:31 Ballistics
38:06 Murder Holes
38:51 Treadmill Crane
39:28 Heavy Camel Rider
41:43 Husbandry
41:53 Bloodlines
43:17 Leather Archer Armor
43:13 Scale Barding Armor
43:30 Stone Mining
44:57 Ring Archer Armor
45:17 Chain Barding Armor
45:33 Iron Casting
Galagorth
7:49 Feudal Age
8:38 Double-Bit Axe
8:34 Horse Collar
8:58 Loom
12:53 Castle Age
10:58 Stone Mining
12:33 Gold Mining
13:52 Bow Saw
18:10 Gold Shaft Mining
21:28 Scale Mail Armor
22:21 Forging
22:42 Squires
22:29 Arson
23:50 Wheelbarrow
24:04 Chain Mail Armor
25:08 Fletching
27:53 Hand Cart
29:15 Hand Cart
28:46 Town Watch
34:11 Imperial Age
31:56 Heavy Plow
33:51 Bodkin Arrow
33:57 Padded Archer Armor
34:22 Ballistics
34:02 Elite Skirmisher
35:15 Conscription
34:38 Treadmill Crane
35:52 Hoardings
35:58 Bracer
35:59 Padded Archer Armor
37:15 Two-Man Saw
37:07 Cavalier
37:55 Scale Barding Armor
39:57 Husbandry
41:23 Husbandry
42:00 Bloodlines
42:50 Chain Barding Armor
49:55 Pikeman
Biggie Smalls
3:30 Loom
7:53 Feudal Age
12:22 Double-Bit Axe
16:31 Castle Age
17:37 Scale Mail Armor
23:01 Gold Mining
24:01 Horse Collar
25:33 Fletching
32:07 Imperial Age
31:53 Forging
33:19 Fortified Wall
33:29 Ballistics
32:51 Treadmill Crane
35:09 Heated Shot
36:01 Iron Casting
35:21 Bodkin Arrow
37:42 Blast Furnace
37:54 Bracer
44:06 Conscription
44:20 Elite Janissary
NY-HENRY
0:29 Loom
8:26 Feudal Age
13:30 Castle Age
11:23 Double-Bit Axe
12:44 Horse Collar
13:52 Wheelbarrow
23:33 Imperial Age
21:42 Scale Barding Armor
21:48 Forging
22:35 Bloodlines
22:23 Gold Mining
22:59 Bow Saw
23:40 Cavalier
34:54 Husbandry
37:24 Chain Barding Armor
37:40 Iron Casting
45:48 Savar
52:46 Plate Barding Armor
NY-judyelpesao
1:12 Loom
8:50 Feudal Age
13:06 Castle Age
11:13 Horse Collar
11:27 Double-Bit Axe
16:36 Scale Barding Armor
19:31 Wheelbarrow
21:35 Chain Barding Armor
21:28 Forging
21:45 Husbandry
24:07 Bow Saw
24:57 Iron Casting
24:32 Fletching
30:02 Imperial Age
28:47 Hand Cart
30:17 Cavalier
32:23 Blast Furnace
32:36 Chemistry
31:45 Siege Engineers
31:55 Elite Skirmisher
32:52 Paladin
34:54 Padded Archer Armor
35:07 Bodkin Arrow
35:16 Heavy Plow
46:32 Leather Archer Armor
46:26 Caravan
47:38 Onager
49:56 Pikeman
NY-Radamantiz
0:33 Loom
9:13 Feudal Age
12:54 Castle Age
11:32 Double-Bit Axe
11:30 Horse Collar
13:36 Heavy Plow
13:49 Bow Saw
21:06 Town Watch
23:37 Wheelbarrow
24:02 Fervor
27:22 Imperial Age
27:07 Chemistry
26:28 Padded Archer Armor
27:53 Leather Archer Armor
28:32 Conscription
29:38 Ring Archer Armor
30:28 Wagenburg Tactics
34:16 Siege Engineers
34:15 Fletching
34:59 Coinage
38:27 Houfnice
46:49 Bodkin Arrow
adriel.fe1123
1:08 Loom
8:33 Feudal Age
14:54 Castle Age
13:41 Man-at-Arms
14:07 Arson
14:18 Double-Bit Axe
18:06 Forging
21:55 Horse Collar
22:31 Bow Saw
25:41 Fletching
25:55 Padded Archer Armor
26:04 Elite Skirmisher
26:46 Bodkin Arrow
26:58 Squires
26:44 Gambesons
26:38 Pikeman
27:21 Hamask
28:55 Long Swordsman
31:49 Wheelbarrow
32:14 Leather Archer Armor
32:35 Iron Casting
32:45 Ballistics
33:17 Thumb Ring
33:50 Scale Mail Armor
35:09 Chain Mail Armor
35:33 Coinage
43:39 Imperial Age
43:12 Hand Cart
43:42 Scale Barding Armor
44:03 Gold Mining
45:14 Bracer
46:10 Heavy Scorpion
46:20 Halberdier
49:25 Blast Furnace
48:47 Chain Barding Armor
49:17 Plate Mail Armor
49:33 Husbandry
50:07 Bloodlines
49:51 Light Cavalry
Connection lost

Rejoining the realm…

Still unreachable

The connection could not be restored.

Session expired

The server has moved on; the page needs a fresh start.